 Dungeon Crawl Stone Soup version 0.29-a0-830-gcb1280458a (webtiles) character file.

Game seed: 13213412303549285218

53 IdlyInterested the Poker (level 3, -5/27 HPs)
             Began as a Demonspawn Gladiator on July 11, 2022.
             Slain by Jessica
             ... wielding a +0 dagger
              (6 damage)
             ... on level 2 of the Dungeon.
             The game lasted 00:03:27 (1910 turns).

IdlyInterested the Poker (Demonspawn Gladiator)     Turns: 1910, Time: 00:03:27

Health: -5/27      AC:  4    Str: 14    XL:     3   Next: 62%
Magic:  3/3        EV:  9    Int:  9    God:
Gold:   18         SH:  0    Dex: 16    Spells: 2/2 levels left

rFire   . . .      SeeInvis .   a - +0 trident
rCold   . . .      Faith    .   (no shield)
rNeg    . . .      Spirit   .   b - +0 leather armour
rPois   .          Reflect  .   c - +0 helmet
rElec   .          Harm     .   (no cloak)
rCorr   .          Rampage  .   (no gloves)
Will    .....                   (no boots)
Stlth   +.........              (no amulet)
HPRegen 0.09/turn               (no ring)
MPRegen 0.08/turn               (no ring)

@: grasped by roots, constricted
A: claws 1
a: no special abilities


You were on level 2 of the Dungeon.
You visited 1 branch of the dungeon, and saw 2 of its levels.

You collected 18 gold pieces.

Inventory:

Hand Weapons
 a - a +0 trident (weapon)
 h - a +4 dagger
Missiles
 d - 3 throwing nets (quivered)
 e - a javelin
Armour
 b - a +0 leather armour (worn)
 c - a +0 helmet (worn)
Scrolls
 g - 2 scrolls of teleportation
Potions
 f - a potion of might {unknown}
 l - a potion of curing {unknown}
 m - a potion of mutation {unknown}
 n - a potion of ambrosia


   Skills:
 - Level 2.0 Fighting
 * Level 3.7 Polearms
 - Level 2.0 Throwing
 + Level 3.2 Dodging


You had 2 spell levels left.
You didn't know any spells.
Your spell library was empty.

Dungeon Overview and Level Annotations

Branches:
Dungeon (2/15)

Altars:

Annotations:
D:2 Jessica


Innate Abilities, Weirdness & Mutations

You have sharp fingernails.


Message History

The kobold shouts!
You hit Jessica.
Jessica is moderately wounded.
The goblin shoots a sling bullet.
The sling bullet hits you.
Jessica mumbles some strange words.
Jessica blinks!
The grasping roots constrict you. The goblin barely misses you.
The goblin shoots a sling bullet.
The sling bullet hits you.
Unknown command.
You barely miss the goblin. The grasping roots constrict you. x2
The goblin hits you but does no damage.
The goblin shoots a sling bullet.
The sling bullet hits you.
The grasping roots release their grip on you.
You barely miss the goblin.
Jessica zaps a wand.
The roots erupt in riotous growth!
The goblin is unaffected.
The grasping roots grab you!
The kobold is unaffected.
The grasping roots constrict you.
* * * LOW HITPOINT WARNING * * *
The goblin closely misses you.
The goblin shoots a sling bullet.
The sling bullet hits you but does no damage.
The grasping roots constrict you.
You hit the goblin.
You kill the goblin!
The grasping roots constrict you.
* * * LOW HITPOINT WARNING * * *
The kobold closely misses you.
The goblin shoots a sling bullet.
The sling bullet barely misses you. Jessica hits you with a +0 dagger.
* * * LOW HITPOINT WARNING * * *
The grasping roots constrict you.
* * * LOW HITPOINT WARNING * * *
You hit Jessica.
Jessica is moderately wounded.
Jessica hits you but does no damage. The grasping roots constrict you.
* * * LOW HITPOINT WARNING * * *
The kobold hits you but does no damage.
The goblin shoots a sling bullet.
The sling bullet hits you but does no damage.
Unknown command.
You hit Jessica.
Jessica is almost dead.
Jessica hits you with a +0 dagger.
You die...

.....# ####.####
.....#######.##
...#
).............#
...#
>.............##
....#
#####..........#
##....# #
........#.##.....#
#
........#..#.....#
#
........##.#K....#
#
........##.@@....#
###########......#
#......# #w.....#
##.g...# ..#.... .
#.#.... .. ...


You could see a worm, Jessica (fast), a goblin and a kobold.

Vanquished Creatures
  A worm (D:2)
  A dart slug (D:2)
  2 ball pythons (D:1)
  3 bats (D:1)
  8 endoplasms
  2 giant cockroaches (D:1)
  8 goblins
  2 hobgoblins
  3 jackals (D:2)
  7 kobolds
  2 frilled lizards (D:1)
  3 rats
42 creatures vanquished.

Notes
Turn   | Place    | Note
-------+----------+-------------------------------------------
     0 | D:1      | IdlyInterested the Demonspawn Gladiator began the quest for
                  | the Orb.
     0 | D:1      | Reached XP level 1. HP: 16/16 MP: 1/1
   367 | D:1      | Gained mutation: You have sharp fingernails. [demonic
                  | ancestry]
   367 | D:1      | Reached XP level 2. HP: 13/22 MP: 2/2
  1216 | D:1      | Reached XP level 3. HP: 27/27 MP: 3/3
  1901 | D:2      | Noticed Jessica
  1909 | D:2      | HP: 1/27 [constriction (3)]
  1910 | D:2      | Slain by Jessica

Illustrated notes

Levels and vault maps discovered:
D:1:      mrwooster_arrival_statue_2, layout_basic
D:2:      layout_basic, hellmonk_ecumenical_altar_inner_sanctum,
          minmay_misc_feat_pillars, uniq_jessica

Skill      XL: |  1  2 |
---------------+-------+-----
Polearms       | 3 |  3.7
Throwing       | 2 |  2.0
Dodging        | 3 |  3.2
Fighting       | |  2.0

Action                   || total
-------------------------++-------
Melee: Trident           ||   125
       Punch             ||     1
  Use: Scroll            ||     5
 Stab: Sleeping          ||     1
Armor: Leather armour    ||    39
Dodge: Dodged            ||    87

Table legend: (Time is in decaauts)
 A = Elapsed time spent in this place.
 B = Non-inter-level travel time spent in this place.
 C = Inter-level travel time spent in this place.
 D = Time resting spent in this place.
 E = Time spent auto-exploring this place.
 F = Levels seen in this place.
 G = Mean time per level.
                   A        B        C        D        E       F      G
               +--------+--------+--------+--------+--------+-----+--------+
         Total |   1926 |   1909 |     17 |    644 |    955 |   2 |  963.0 |
       Dungeon |   1926 |   1909 |     17 |    644 |    955 |   2 |  963.0 |
               +--------+--------+--------+--------+--------+-----+--------+

Top non-repeatable levels by time:
     D:1: 1689 daAuts
     D:2: 236 daAuts
